 Dungeon Crawl Stone Soup version 0.14-a0-586-g2535b90 (webtiles) character file.

11049 MackTheKnife the Conjurer (level 11, -6/67 HPs)
             Began as an Octopode Wizard on Nov 3, 2013.
             Was an Elder of Vehumet.
             Shot with an arrow by a skeletal warrior (31 damage)
             ... on Level 11 of the Dungeon.
             The game lasted 00:59:09 (18411 turns).

MackTheKnife the Conjurer (Octopode Wizard)        Turns: 18411, Time: 00:59:09

HP  -6/67        AC  3     Str  7      XL: 11   Next: 60%
MP  14/28        EV 13     Int 22      God: Vehumet [****..]
Gold 702         SH  0     Dex 12      Spells:  7 memorised, 13 levels left

Res.Fire  : . . .   See Invis. : .   b - staff of wizardry {!a}
Res.Cold  : . . .   Warding    : .   (no shield)
Life Prot.: . . .   Conserve   : .   r - +2 wizard hat
Res.Poison: .       Res.Corr.  : .   B - amulet of clarity
Res.Elec. : .       Clarity    : +   f - cursed ring of flight
Sust.Abil.: . .     Spirit.Shd : .   (no ring)
Res.Mut.  : .       Stasis     : .   (no ring)
Res.Rott. : .       Flight     : .   (no ring)
Saprovore : . . .                    (no ring)
                                     (no ring)
                                     (no ring)
                                     (no ring)

@: repel missiles, very slightly contaminated, somewhat resistant to hostile
enchantments, quite stealthy
A: almost no armour, amphibious, 8 rings, constrict 8, camouflage 1, AC +1
a: Renounce Religion, Evoke Flight


You were on level 11 of the Dungeon.
You worshipped Vehumet.
Vehumet was greatly pleased with you.
You were hungry.

You visited 2 branches of the dungeon, and saw 12 of its levels.

You collected 702 gold pieces.


Innate Abilities, Weirdness & Mutations

You cannot wear most types of armour.
You are amphibious.
You can wear up to eight rings at the same time.
You can use your tentacles to constrict many enemies at once.
Your skin changes colour to match your surroundings (Stlth).
Your rubbery body absorbs attacks (AC +1).


   Skills:
 - Level 7.0 Fighting
 + Level 3.3 Dodging
 - Level 4.4 Stealth
 + Level 9.7 Spellcasting
 - Level 12.0 Conjurations
 - Level 3.2 Summonings
 - Level 1.0 Translocations


You had 13 spell levels left.
You knew the following spells:

 Your Spells              Type           Power        Failure   Level  Hunger
b - Blink                 Tloc           N/A          3%          2    None
c - Mephitic Cloud        Conj/Pois/Air  ####....     1%          3    None
d - Repel Missiles        Chrm/Air       ##........   4%          2    None
v - Stone Arrow           Conj/Erth      #####.       1%          3    None
x - Call Imp              Summ           ###.......   1%          2    None
y - Conjure Flame         Conj/Fire      #####...     1%          3    None
z - Magic Dart            Conj           ####         1%          1    None

Inventory:

Hand weapons
 a - a +2,+1 whip of flaming
 c - a +3 elven blowgun
 G - a +3,+4 dagger of chaos
Missiles
 t - 5 poisoned needles
Armour
 r - a +2 wizard hat (worn)
Magical devices
 i - a wand of slowing (9)
 y - a wand of digging (15)
 I - a wand of paralysis (9)
 L - a wand of flame (10)
 Q - a wand of hasting (2)
 R - a wand of disintegration (8)
Comestibles
 d - 3 bread rations
 h - 5 pears
 j - 6 meat rations
 m - 9 grapes
 o - a lychee
 w - 3 apples
 A - 2 chokos
 H - a beef jerky
 K - a banana
Scrolls
 l - a scroll of amnesia
 q - 2 scrolls of recharging
 O - a scroll of identify
 P - a scroll of blinking
Jewellery
 f - a cursed ring of flight (left tentacle)
 B - an amulet of clarity (around mantle)
 M - an uncursed ring of ice
Potions
 e - 2 potions of might
 g - 2 potions of heal wounds
 k - a potion of magic {unknown}
 n - a potion of berserk rage
 p - 2 potions of curing
 u - a potion of resistance {unknown}
 v - 2 potions of restore abilities {unknown}
 x - 3 potions of poison {unknown}
 C - a potion of mutation {unknown}
 E - a potion of paralysis {unknown}
 F - a potion of brilliance {unknown}
 J - 2 potions of slowing {unknown}
 N - a potion of agility {unknown}
Books
 s - a book of Minor Magic

   Spells                             Type                      Level
   *Magic Dart                        Conjuration                  1
   *Blink                             Translocation                2
   *Call Imp                          Summoning                    2
   *Repel Missiles                    Charms/Air                   2
   Slow                               Hexes                        2
   *Conjure Flame                     Conjuration/Fire             3
   *Mephitic Cloud                    Conjuration/Poison/Air       3
 D - a book of Geomancy

   Spells                             Type                      Level
   Sandblast                          Earth                        1
   Stoneskin                          Transmutation/Earth          2
   Passwall                           Transmutation/Earth          3
   *Stone Arrow                       Conjuration/Earth            3
   Petrify                            Transmutation/Earth          4
   Lee's Rapid Deconstruction         Earth                        5
Magical staves
 b - an uncursed staff of wizardry (weapon) {!a}

···▒···········▒·············▒▒
···▒···········▒··▒▒▒·········▒
···▒···········▒·▒▒ ▒···▒▒▒·▒·▒
▒··▒···8···8···▒·▒ ▒▒·▒▒···▒▒▒
▒··▒···········▒·▒ ▒▒▒····z▒▒
▒··▒·····_·····▒·▒ ▒▒(······▒
▒··▒···········▒·▒ ▒#▒·····▒▒
▒··▒···8·%·8···▒·▒▒ ▒·▒▒····▒
▒··▒····)······▒x·▒▒ ▒z▒▒▒▒▒▒▒
▒··▒▒▒·%)%[%·▒▒▒···▒ ▒(▒ ▒··▒
▒)·))·)·▒ ▒··(▒▒▒#▒ ···▒
▒▒▒▒)▒▒▒▒ ▒····▒▒(▒ ▒··▒
▒▒8·8▒▒ ▒····▒▒·▒ ▒··▒
▒▒8···8▒▒ ▒·····▒·▒
▒··▒▒▒8)····8▒▒▒·····▒(▒
▒···················z▒(▒
▒<·······>······▒····(·▒


You could see a skeletal warrior.


Message History

Aiming: Magic Dart
Aim: a skeletal warrior, wielding a bow (flame, moderately damaged)
The magic dart hits the skeletal warrior.
The skeletal warrior is moderately damaged.
Your repel missiles spell is about to expire...
The skeletal warrior shoots an arrow.
The arrow hits you!
* * * LOW HITPOINT WARNING * * *
You see here 3 arrows.
You miscast Repel Missiles.
You are very lightly contaminated with residual magic.
Ouch! You gave yourself an electric shock.
The skeletal warrior shoots an arrow.
The arrow is repelled.
Unknown command.
You feel protected from missiles.
The skeletal warrior shoots an arrow.
The arrow hits you!
* * * LOW HITPOINT WARNING * * *
Unknown command.
Drink which item? (? for menu, Esc to quit)
Okay, then.
You see here an arrow.
Aiming: Conjure Flame The fire roars!
The skeletal warrior shoots an arrow.
The arrow hits you!
* * * LOW HITPOINT WARNING * * *
Drink which item? (? for menu, Esc to quit)
Okay, then.
The skeletal warrior shoots an arrow.
The arrow is repelled.
You see here an arrow.
A killer bee comes into view.
The skeletal warrior shoots an arrow.
The arrow hits you!
You die...

Action                   |  1- 3 |  4- 6 |  7- 9 | 10-12 || total
-------------------------+-------+-------+-------+-------++-------
Melee: Mace              |     9 |       |       |       ||     9
       Falchion          |    39 |    45 |       |       ||    84
       Whip              |       |       |    76 |    59 ||   135
 Cast: Magic Dart        |    54 |    76 |   265 |   127 ||   522
       Call Imp          |     2 |    33 |    24 |    17 ||    76
       Mephitic Cloud    |       |     4 |    28 |    33 ||    65
       Conjure Flame     |       |     2 |    37 |    29 ||    68
       Stone Arrow       |       |       |    20 |   172 ||   192
       Repel Missiles    |       |       |     2 |     4 ||     6
       Blink             |       |       |     2 |       ||     2
Evoke: Wand              |     1 |       |     2 |     9 ||    12
  Use: Scroll            |     1 |       |    18 |     4 ||    23
       Potion            |       |     1 |       |     4 ||     5
 Stab: Sleeping          |     4 |     4 |       |     1 ||     9
       Distracted        |     1 |       |       |       ||     1
       Confused          |       |     1 |     2 |     1 ||     4

Vault maps used:
D:1:      lemuel_entry_funnel, okawaru_ov_weapons_minmay
D:2:      first_bread, serial_forest, infiniplex_forest_lined_4_way,
          infiniplex_forest_clump_small, infiniplex_forest_lined_room_3,
          infiniplex_forest_corner_1, infiniplex_forest_clump_tiny,
          infiniplex_forest_clump_double, tgw_fedhas
D:3:      gup_sewer_entry_spiral, uniq_iyjb
D:4:      minmay_temple_entry_mist
D:5:      uniq_blork_the_orc, uniq_sigmund
D:6:      tgw_trog, uniq_pikel
D:7:      uniq_edmund
D:8:      uniq_psyche
D:11:     minmay_orc_entry_temple_large, serial_ice, serial_ice_f, serial_ice_m,
          serial_ice_h, serial_ice_d, serial_ice_c, serial_ice_l, serial_ice_e,
          minmay_evil_grid
Temple:   kilobyte_greek_temple_15

Notes
Turn   | Place    | Note
--------------------------------------------------------------
     0 | D:1      | MackTheKnife, the Octopode Wizard, began the quest for the Orb.
     0 | D:1      | Reached XP level 1. HP: 9/9 MP: 5/5
   280 | D:1      | Reached XP level 2. HP: 13/15 MP: 7/7
   284 | D:1      | Learned a level 2 spell: Call Imp
  1009 | D:1      | Reached skill level 2 in Conjurations
  1108 | D:1      | Found an iron altar of Okawaru.
  1119 | D:1      | Reached XP level 3. HP: 19/19 MP: 9/9
  1483 | D:2      | Reached skill level 2 in Summonings
  1878 | D:2      | Reached XP level 4. HP: 19/25 MP: 3/11
  2156 | D:2      | Found a blossoming altar of Fedhas.
  2415 | D:3      | Reached XP level 5. HP: 29/29 MP: 2/13
  2473 | D:3      | Learned a level 3 spell: Conjure Flame
  2477 | D:3      | Learned a level 3 spell: Mephitic Cloud
  2505 | D:3      | Noticed Ijyb
  2536 | D:3      | Killed Ijyb
  2657 | D:3      | Reached skill level 3 in Conjurations
  2657 | D:3      | Reached skill level 3 in Summonings
  3036 | D:3      | Reached skill level 4 in Spellcasting
  3970 | D:3      | Reached XP level 6. HP: 33/35 MP: 10/16
  4233 | D:4      | Reached skill level 4 in Conjurations
  5503 | D:4      | Found a staircase to the Ecumenical Temple.
  5618 | Temple   | Entered the Ecumenical Temple
  5653 | Temple   | Became a worshipper of Vehumet
  5781 | D:5      | Entered Level 5 of the Dungeon
  5781 | D:5      | Noticed Blork the orc
  5804 | D:5      | Killed Blork the orc
  5804 | D:5      | Reached XP level 7. HP: 20/39 MP: 4/18
  6306 | D:5      | Reached skill level 5 in Spellcasting
  6503 | D:5      | Noticed Sigmund
  6543 | D:5      | Killed Sigmund
  6543 | D:5      | Reached skill level 5 in Conjurations
  7142 | D:6      | Learned a level 2 spell: Blink
  7145 | D:6      | Noticed Pikel
  7163 | D:6      | Killed Pikel
  7163 | D:6      | Reached skill level 6 in Spellcasting
  7163 | D:6      | Reached skill level 6 in Conjurations
  7163 | D:6      | Reached XP level 8. HP: 45/45 MP: 2/22
  7781 | D:6      | Acquired Vehumet's first power
  7781 | D:6      | Offered knowledge of Freeze by Vehumet.
  7820 | D:6      | Reached skill level 7 in Conjurations
  8074 | D:6      | Reached skill level 7 in Spellcasting
  8214 | D:6      | Noticed a moth of wrath
  8216 | D:6      | Found a bloodstained altar of Trog.
  8759 | D:7      | Reached XP level 9. HP: 41/49 MP: 14/24
  8832 | D:7      | Learned a level 2 spell: Repel Missiles
  8847 | D:7      | Learned a level 3 spell: Stone Arrow
  9155 | D:7      | Noticed Edmund
  9198 | D:7      | Reached skill level 8 in Conjurations
  9705 | D:7      | Killed Edmund
  9963 | D:7      | Reached skill level 8 in Spellcasting
 10579 | D:7      | Offered knowledge of Sting by Vehumet.
 10585 | D:7      | Reached skill level 3 in Stealth
 10894 | D:7      | Reached skill level 4 in Stealth
 10894 | D:7      | Reached skill level 9 in Conjurations
 11021 | D:7      | Paralysed by a giant eyeball for 3 turns
 11317 | D:8      | Reached skill level 2 in Fighting
 11370 | D:8      | Paralysed by a giant eyeball for 3 turns
 11793 | D:8      | Reached skill level 3 in Fighting
 11793 | D:8      | Reached XP level 10. HP: 38/57 MP: 14/26
 12079 | D:8      | Noticed Psyche
 12097 | D:8      | Killed Psyche
 12097 | D:8      | Reached skill level 4 in Fighting
 12210 | D:8      | Reached skill level 10 in Conjurations
 12685 | D:9      | Offered knowledge of Static Discharge by Vehumet.
 13104 | D:9      | Noticed Shauncat's ghost (experienced DjAr)
 13487 | D:10     | Entered Level 10 of the Dungeon
 13657 | D:10     | Reached skill level 5 in Fighting
 14388 | D:10     | Acquired Vehumet's second power
 14706 | D:11     | Reached skill level 6 in Fighting
 14884 | D:11     | Found a staircase to the Orcish Mines.
 14902 | D:11     | Killed an unseen horror
 14902 | D:11     | Reached skill level 11 in Conjurations
 15079 | D:11     | Found a roughly hewn altar of Beogh.
 15096 | D:11     | Offered knowledge of Sticky Flame by Vehumet.
 15282 | D:11     | Reached skill level 7 in Fighting
 15562 | D:11     | Reached XP level 11. HP: 58/67 MP: 25/27
 16240 | D:11     | Noticed a hill giant
 16260 | D:11     | Killed a hill giant
 16287 | D:11     | Acquired Vehumet's third power
 16675 | D:11     | Reached skill level 9 in Spellcasting
 16683 | D:11     | Offered knowledge of Throw Icicle by Vehumet.
 17349 | D:11     | Noticed a hill giant
 17357 | D:11     | Killed a hill giant
 17357 | D:11     | Reached skill level 12 in Conjurations
 18127 | D:11     | Reached skill level 3 in Dodging
 18233 | D:11     | Noticed a hill giant
 18236 | D:11     | Noticed a skeletal warrior
 18411 | D:11     | Shot with an arrow by a skeletal warrior

Vanquished Creatures
  An unseen horror (D:11)
  2 hill giants (D:11)
  Psyche (D:8)
  A polar bear (D:11)
  2 trolls
  A two-headed ogre (D:10)
  A basilisk (D:11)
  A shark (D:11)
  A wyvern (D:11)
  A hill giant skeleton (D:11)
  A hippogriff (D:11)
  Edmund (D:7)
  A hungry ghost (D:11)
  A wolf (D:11)
  A mottled dragon (D:11)
  A hydra simulacrum (D:11)
  5 orc warriors
  2 black bears
  7 ice beasts
  4 sky beasts
  5 ogres
  2 phantoms
  A slave (D:6)
  Sigmund (D:5)
  4 centaurs
  5 giant frogs
  Blork the orc (D:5)
  A water moccasin (D:11)
  A hippogriff zombie (D:7)
  10 wights
  6 killer bees
  A troll skeleton (D:10)
  2 crimson imps
  An electric eel (D:11)
  3 goliath beetles
  A big fish (D:11)
  4 jellies
  11 orc priests
  2 hounds
  A giant frog skeleton (D:4)
  3 iguanas
  9 orc wizards
  4 scorpions
  4 worker ants
  A hippogriff simulacrum (D:11)
  2 sky beast zombies (D:10)
  Ijyb (D:3)
  A giant frog simulacrum (D:11)
  A hound skeleton (D:6)
  A crocodile simulacrum (D:11)
  5 gnolls
  7 adders
  2 giant centipedes
  2 white imps (D:11)
  5 worms
  2 giant mites
  3 ufetubi (D:11)
  An adder skeleton (D:8)
  2 giant eyeballs
  5 giant geckos
  43 orcs
  8 bats
  4 giant cockroaches
  8 hobgoblins
  9 jackals
  17 kobolds
  3 quokkas
  A ball python (D:1)
  A giant gecko zombie (D:6)
  6 giant newts
  A giant spore (D:10)
  10 goblins
  A kobold zombie (D:6)
  2 orc zombies
  2 quokka zombies (D:5)
  22 rats
  9 ballistomycetes
307 creatures vanquished.

Vanquished Creatures (collateral kills)
  Pikel (D:6)
  A hippogriff (D:9)
  A giant frog (D:6)
  A killer bee (D:11)
  An electric eel (D:11)
  A crimson imp (D:6)
  An orc priest (D:3)
  2 scorpions
  An orc wizard (D:3)
  2 big fish (D:2)
  4 worker ants
  2 gnolls (D:4)
  6 orcs
  3 kobolds
  2 ball pythons (D:2)
  2 rats
31 creatures vanquished.

Vanquished Creatures (others)
  4 crimson imps
  An iron imp (D:7)
  A shadow imp (D:3)
  10 white imps
  An orc (D:6)
  A kobold (D:6)
  3 giant spores (D:7)
21 creatures vanquished.

Grand Total: 359 creatures vanquished
